 Dungeon Crawl Stone Soup version 0.17-a0-1197-g2d00c63 (webtiles) character file.

936 Cryogen the Chopper (level 8, -2/61 HPs)
             Began as a Formicid Fighter on June 3, 2015.
             Was a Believer of Zin.
             Slain by Duvessa
             ... wielding a +0 short sword
              (8 damage)
             ... on level 4 of the Dungeon.
             The game lasted 00:28:22 (4775 turns).

Cryogen the Chopper (Formicid Fighter)              Turns: 4775, Time: 00:28:23

Health: -2/61      AC:  8    Str: 27    XL:     8   Next: 33%
Magic:  8/8        EV: 10    Int:  8    God:    Zin [**....]
Gold:   109        SH: 11    Dex: 13    Spells: 0 memorised, 7 levels left

rFire  . . .     SeeInvis +     k - +0 hand axe (chop)
rCold  . . .     Clarity  .     b - +0 scale mail
rNeg   . . .     SustAt   .     c - +0 shield
rPois  ∞         Gourm    .     (helmet unavailable)
rElec  .         Spirit   .     d - +0 cloak
rCorr  .         Warding  .     (no gloves)
rMut   .         Stasis   +     (no boots)
MR     .....                    (no amulet)
Stlth  +.........               i - +4 ring of strength
                                (no ring)

@: vitalised, short of breath, not resistant to hostile enchantments, very
unstealthy
A: permanent stasis, dig shafts and tunnels, four strong arms, antennae 3
a: Dig, Shaft Self, Recite, Vitalisation, Renounce Religion


You were on level 4 of the Dungeon.
You worshipped Zin.
Zin was pleased with you.
You were not hungry.

You visited 2 branches of the dungeon, and saw 6 of its levels.

You collected 361 gold pieces.
You spent 216 gold pieces at shops.
You donated 36 gold pieces to Zin.

Inventory:

Hand weapons
 k - a +0 hand axe of chopping (weapon)
Armour
 b - a +0 scale mail (worn)
 c - a +0 shield (worn)
 d - a +0 cloak (worn)
Jewellery
 i - a +4 ring of strength (right hand)
 p - an uncursed ring of wizardry
Scrolls
 a - a scroll of remove curse
 l - 4 scrolls of identify
Comestibles
 f - a beef jerky
 g - a meat ration
 j - a slice of pizza
 u - 2 bread rations


   Skills:
 + Level 4.8 Fighting
 * Level 5.4 Axes
 + Level 5.0 Armour
 + Level 2.5 Dodging
 + Level 4.2 Stealth
 + Level 5.2 Shields


You had 7 spell levels left.
You didn't know any spells.

Dungeon Overview and Level Annotations

Branches:
Dungeon (5/15)             Temple (1/1) D:4

Altars:
Ashenzari
Cheibriados
Dithmenos
Elyvilon
Fedhas
Gozag
Kikubaaqudgha
Makhleb
Nemelex Xobeh
Okawaru
Qazlal
Ru
Sif Muna
Trog
Vehumet
Xom
Yredelemnul
Zin

Shops:
D:4 :   D:5 *

Annotations:
D:3 DakoDarkAxe's ghost, average DsGl
D:4 Duvessa


Innate Abilities, Weirdness & Mutations

You are under a permanent stasis effect.
You can dig through walls and to a lower floor.
Your four strong arms can wield two-handed weapons with a shield.
You have a pair of large antennae on your head (SInv).


Message History

"Damned, damned be the guilty and..."
You block Duvessa's attack.
You hit Duvessa but do no damage. "...all else who abandon loyalty!
Let them..."
Duvessa hits you but does no damage. Duvessa closely misses you.
Your shield and scale mail prevent you from hitting Duvessa. "...be expelled by the jurisprudence of Zin!"
You finish reciting Ablutions 8:42.
You feel short of breath. Duvessa barely misses you.
You hit Duvessa but do no damage. You block Duvessa's attack.
You block Duvessa's attack.
You hit Duvessa but do no damage. Duvessa closely misses you.
You block Duvessa's attack.
You hit Duvessa.
Duvessa is lightly wounded.
Duvessa barely misses you.
You hit Duvessa but do no damage.
Duvessa is lightly wounded.
You block Duvessa's attack. Duvessa hits you with a short sword!
You die...

######### #
#.......##########
#####.......##.......##
..<...................#
###.).......##.......##
#.#.......##.......#
###.##########.......#
.##.##########.......#
................@....#
....##########..e....#
..### ####.......#
...########.....######
##.......#.......##
#######..........#
##..)......######
#..............##
#.........####..#


You could see Duvessa (berserk).

Vanquished Creatures
  The ghost of agentgt the Chopper, an average HOMo (D:4)
  2 ogres
  Dowan (D:5)
  3 orc wizards (D:3)
  2 crimson imps (D:5)
  3 hounds
  Crazy Yiuf (D:2)
  2 orc priests
  A giant frog skeleton (D:5)
  A worker ant (D:4)
  Robin (D:2)
  9 adders
  A shadow imp (D:5)
  An ooze (D:3)
  A giant gecko (D:3)
  18 orcs
  A bat skeleton (D:4)
  16 goblins
  5 hobgoblins
  2 jackals (D:3)
  4 quokkas
  A ball python (D:2)
  10 bats
  5 giant cockroaches
  4 giant newts
  A jackal skeleton (D:5)
  7 kobolds
  7 rats
111 creatures vanquished.

Notes
Turn   | Place    | Note
--------------------------------------------------------------
     0 | D:1      | Cryogen the Formicid Fighter began the quest for the Orb.
     0 | D:1      | Reached XP level 1. HP: 18/18 MP: 1/1
   274 | D:1      | Reached XP level 2. HP: 22/24 MP: 2/2
   580 | D:2      | Reached skill level 1 in Stealth
   580 | D:2      | Reached XP level 3. HP: 22/29 MP: 3/3
   777 | D:2      | Noticed Robin
   788 | D:2      | Killed Robin
   788 | D:2      | Reached XP level 4. HP: 32/35 MP: 4/4
  1028 | D:2      | Noticed Crazy Yiuf
  1035 | D:2      | Killed Crazy Yiuf
  1035 | D:2      | Reached skill level 4 in Shields
  1099 | D:2      | Found a shadowy altar of Dithmenos.
  1263 | D:3      | Reached XP level 5. HP: 42/42 MP: 5/5
  1648 | D:3      | Reached skill level 1 in Dodging
  1765 | D:3      | Reached XP level 6. HP: 12/48 MP: 6/6
  2310 | D:3      | Noticed DakoDarkAxe's ghost (average DsGl)
  3069 | D:4      | Reached XP level 7. HP: 51/55 MP: 7/7
  3172 | D:4      | Noticed agentgt's ghost (average HOMo)
  3209 | D:4      | HP: 2/55 [agentgt's ghost (10)]
  3220 | D:4      | Killed agentgt's ghost
  3565 | D:4      | Found Vumnack's Book Shop.
  3696 | D:4      | Found a staircase to the Ecumenical Temple.
  3707 | Temple   | Entered the Ecumenical Temple
  3746 | Temple   | Became a worshipper of Zin the Law-Giver
  3746 | Temple   | Acquired Zin's first power
  3968 | D:4      | Reached skill level 5 in Shields
  3985 | D:4      | Acquired Zin's second power
  4014 | D:5      | Entered Level 5 of the Dungeon
  4113 | D:5      | Found Mateonwi's Assorted Antiques.
  4146 | D:5      | Acquired Zin's third power
  4157 | D:5      | Bought an encrusted ivory ring for 135 gold pieces
  4157 | D:5      | Bought a glowing hand axe for 81 gold pieces
  4251 | D:5      | Reached skill level 5 in Axes
  4251 | D:5      | Reached XP level 8. HP: 56/61 MP: 8/8
  4416 | D:5      | Reached skill level 5 in Armour
  4496 | D:5      | Noticed Duvessa
  4497 | D:5      | Noticed Dowan
  4761 | D:5      | Killed Dowan
  4775 | D:4      | Slain by Duvessa

Vault maps used:
D:1:      matt_arrival_los_fun
D:2:      lemuel_tele_altar, uniq_crazy_yiuf_cottage, uniq_robin
D:3:      first_bread, roderic_lattice_a, minmay_misc_feat_tower
D:4:      temple_hall, serial_shops, kennysheep_mini, lightli_corner_chamber
D:5:      serial_shops, nicolae_shop_crystal, hangedman_abyss_or_decor_passed,
          uniq_duvessa
Temple:   kilobyte_greek_temple_18

Action                   |  1- 3 |  4- 6 |  7- 9 || total
-------------------------+-------+-------+-------++-------
Melee: War axe           |    98 |   240 |    92 ||   430
       Hand axe          |       |       |    80 ||    80
Invok: Recite            |       |       |     1 ||     1
       Vitalisation      |       |       |     1 ||     1
 Abil: Dig               |     9 |    13 |     6 ||    28
  Use: Potion            |       |     1 |    11 ||    12
       Scroll            |       |       |    11 ||    11
  Eat: Bread ration      |     1 |     1 |       ||     2
       Meat ration       |       |     1 |     1 ||     2
